 Dungeon Crawl Stone Soup version 0.27.1 (webtiles) character file.

Game seed: 7721771188607556318

51 Atelerd the Sneak (level 3, 0/21 HPs)
             Began as an Octopode Earth Elementalist on Sept 1, 2021.
             Succumbed to an adder's poison
             ... on level 2 of the Dungeon.
             The game lasted 00:02:30 (1898 turns).

Atelerd the Sneak (Octopode Earth Elementalist)     Turns: 1898, Time: 00:02:30

Health: 0/21       AC:  1    Str:  7    XL:     3   Next: 81%
Magic:  4/6        EV: 13    Int: 18    God:
Gold:   44         SH:  0    Dex: 12    Spells: 6/7 levels left

rFire    . . .     SeeInvis .   h - +1 dagger (freeze)
rCold    . . .     Faith    .   (no shield)
rNeg     . . .     Spirit   .   (helmet restricted)
rPois    .         Reflect  .   (no amulet)
rElec    .         Harm     .   (no ring)
rCorr    .         Rampage  .   (no ring)
Will     .....                  (no ring)
Stlth    +++.......             (no ring)
HPRegen  0.07/turn              (no ring)
MPRegen  0.10/turn              (no ring)
                                (no ring)
                                (no ring)

@: lethally poisoned (0 -> -6), studying Maces & Flails
A: almost no armour, amphibious, 8 rings, camouflage 1, gelatinous body 1,
(nimble swimmer 1), tentacles
a: no special abilities


You were on level 2 of the Dungeon.
You visited 1 branch of the dungeon, and saw 2 of its levels.

You collected 44 gold pieces.

Inventory:

Hand Weapons
 d - a +0 dagger
 h - a +1 dagger of freezing (weapon)
Missiles
 b - 70 stones
Scrolls
 c - a scroll of brand weapon {unknown}
 g - 3 scrolls of identify {unknown}
 i - a scroll of blinking {unknown}
 j - a scroll of noise {unknown}
Potions
 a - a potion of ambrosia {unknown}


   Skills:
 - Level 2.0 Dodging
 + Level 3.6 Stealth
 + Level 2.5 Spellcasting
 + Level 1.9 Transmutations
 + Level 3.4 Earth Magic


You had 6 spell levels left.
You knew the following spells:

 Your Spells              Type           Power      Damage    Failure   Level
a - Sandblast             Erth           28%        2d8       4%          1

Your spell library contained the following spells:

 Spells                   Type           Power      Damage    Failure   Level
 Passwall                 Tmut/Erth      9%         N/A       9%          2
 Stone Arrow              Conj/Erth      16%        3d8       26%         3
 Petrify                  Tmut/Erth      11%        N/A       50%         4


Dungeon Overview and Level Annotations

Branches:
Dungeon (2/15)

Altars:

Annotations:
D:2 Robin


Innate Abilities, Weirdness & Mutations

You cannot wear most types of armour.
You are amphibious.
You can wear up to eight rings at the same time.
Your skin changes colour to match your surroundings (Stealth+).
Your rubbery body absorbs attacks. (AC +1, EV +1)
((You are camouflaged near water. (Stealth+)))
You have tentacles for arms and can constrict up to eight enemies at once.


Message History

There are monsters nearby!
The helpless goblin fails to defend itself.
You puncture the goblin! You freeze the goblin.
You kill the goblin!
The kobold throws a stone.
The stone hits you.
Unknown command.
The kobold hits you with a +0 club.
The adder hisses angrily.
You see here a +0 dagger.
Unknown command.
Casting: Sandblast (safe; 4% risk of failure)
Confirm with . or Enter, or press ? or * to list all spells.
Aiming: Sandblast (safe; 4% risk of failure)
Press: ? - help, Shift-Dir - straight line, f - adder
Aim: an adder (66% to hit)
The blast of sand misses the adder.
The adder bites you. The kobold hits you but does no damage.
The adder bites you.
Casting: Sandblast (safe; 4% risk of failure)
Confirm with . or Enter, or press ? or * to list all spells.
Aiming: Sandblast (safe; 4% risk of failure)
Press: ? - help, Shift-Dir - straight line, f/p - adder
Aim: an adder (66% to hit)
The blast of sand misses the adder.
The kobold barely misses you. The adder bites you.
* * * LOW HITPOINT WARNING * * *
You are lethally poisoned!
The adder poisons you!
Casting: Sandblast (safe; 4% risk of failure)
Confirm with . or Enter, or press ? or * to list all spells.
Okay, then.
It was a potion of might.
You feel very mighty all of a sudden.
* * * LOW HITPOINT WARNING * * *
You feel sick. The adder barely misses you.
The kobold hits you but does no damage.
It was a potion of cancellation.
Your magical effects are unravelling.
You feel magically purged.
You feel a little less mighty now.
You die...

..........#####.##
##.##..#.........
##.##(.#######.##
.................
##..#####.###>...
#..# #.......# #..#
#.#####.# #KS# ##.#
#.@# #..#
#.##..####..# #
#........#..#####.#.
##.##.##.#..........
#. #.##.#..###.....
# #...............
######...#####.#
#..#.## ##.###.##


You could see an adder and a kobold.

Vanquished Creatures
  A dart slug (D:1)
  3 bats
  7 endoplasms
  A giant cockroach (D:1)
  11 goblins
  3 hobgoblins
  4 quokkas
  4 ball pythons
  3 frilled lizards
  A kobold (D:1)
  4 rats (D:1)
42 creatures vanquished.

Notes
Turn   | Place    | Note
-------+----------+-------------------------------------------
     0 | D:1      | Atelerd the Octopode Earth Elementalist began the quest for
                  | the Orb.
     0 | D:1      | Reached XP level 1. HP: 11/11 MP: 3/3
   375 | D:1      | Reached XP level 2. HP: 15/17 MP: 5/5
   929 | D:1      | Reached XP level 3. HP: 21/21 MP: 6/6
  1675 | D:2      | Noticed Robin
  1897 | D:2      | HP: 1/21 [poisoned by an adder]
  1898 | D:2      | Succumbed to an adder's poison

Illustrated notes

Levels and vault maps discovered:
D:1:      dpeg_arrival_leaves_temple_mockup, layout_basic, minmay_vboxes
D:2:      layout_loops_ring, due_unseen_surprise, uniq_robin

Skill      XL: |  1 |
---------------+----+-----
Stealth        | 3 |  3.6
Dodging        | |  2.0
Spellcasting   | |  2.5
Transmutations | |  1.9
Earth Magic    | |  3.4

Action                   || total
-------------------------++-------
Melee: Unarmed           ||    15
       Constrict         ||    16
       Tentacles         ||     9
       Dagger            ||    58
 Cast: Sandblast         ||    15
  Use: Potion            ||     2
 Stab: Sleeping          ||    16
Armor: Skin              ||     7
Dodge: Dodged            ||    41
